 Dungeon Crawl Stone Soup version 0.25.0-15-gac7dcb8919 (webtiles) character file.

Game seed: 11122859662316374386

75772 simples the Executioner (level 15, -1/145 HPs)
             Began as a Minotaur Berserker on June 28, 2020.
             Was a High Priest of Trog.
             Killed from afar by a deep elf knight (25 damage)
             ... with a shard of ice
             ... on level 14 of the Dungeon.
             The game lasted 00:37:22 (23401 turns).

simples the Executioner (Minotaur Berserker)       Turns: 23401, Time: 00:37:22

Health: -1/145     AC: 17    Str: 22    XL:     15   Next: 10%
Magic:  14/14      EV: 13    Int:  4    God:    Trog [*****.]
Gold:   1834       SH:  0    Dex: 22    Spells: 14/14 levels left

rFire    . . .     SeeInvis .   W - +1 battleaxe (elec)
rCold    . . .     Gourm    .   (shield currently unavailable)
rNeg     . . .     Faith    .   G - +0 plate armour
rPois    .         Spirit   .   (helmet restricted)
rElec    .         Reflect  .   E - +0 cloak
rCorr    .         Harm     .   g - +0 pair of gloves
MR       ++...                  (no boots)
Stlth    ..........             z - amulet of regeneration
HPRegen  0.74/turn              Z - ring of protection from magic
MPRegen  0.14/turn              X - +6 ring of dexterity

@: berserk cooldown, slowed, lightly drained, very slow
A: retaliatory headbutt, horns 2
a: Berserk, Trog's Hand, Brothers in Arms, Renounce Religion


You were on level 14 of the Dungeon.
You worshipped Trog.
Trog was extremely pleased with you.
You were not hungry.

You visited 3 branches of the dungeon, and saw 22 of its levels.
You also visited: Ice Cave.

You collected 2064 gold pieces.
You spent 230 gold pieces at shops.

Inventory:

Hand Weapons
 F - a +6 executioner's axe of draining
 T - a +7 executioner's axe of flaming
 W - a +1 battleaxe of electrocution (weapon)
Armour
 g - a +0 pair of gloves (worn)
 E - a +0 cloak (worn)
 G - a +0 plate armour (worn)
Jewellery
 d - an uncursed ring of ice
 j - an uncursed amulet of faith
 m - an uncursed ring of fire
 p - an uncursed ring of fire
 w - an uncursed ring of stealth
 z - an amulet of regeneration (around neck)
 M - an uncursed ring of see invisible
 V - an uncursed ring of positive energy
 X - a +6 ring of dexterity (right hand)
 Y - an uncursed amulet of reflection
 Z - a ring of protection from magic (left hand)
Wands
 x - a wand of digging (1)
 A - a wand of random effects (23)
 D - a wand of clouds (13)
 L - a wand of acid (14)
 R - a wand of disintegration (15)
Scrolls
 b - 3 scrolls of fog
 l - 6 scrolls of immolation
 n - 5 scrolls of magic mapping
 o - 6 scrolls of fear
 q - 9 scrolls of teleportation
 t - 6 scrolls of remove curse
 v - 2 scrolls of holy word
 y - 5 scrolls of enchant weapon
 H - a scroll of blinking
 J - 5 scrolls of enchant armour
 K - a scroll of torment
 N - a scroll of summoning
 Q - a scroll of vulnerability
 U - 2 scrolls of identify
Potions
 e - a potion of mutation
 f - 3 potions of flight
 h - 8 potions of heal wounds
 i - 2 potions of degeneration
 k - 4 potions of might
 r - 5 potions of resistance
 s - 3 potions of brilliance {unknown}
 u - 2 potions of haste
 B - 8 potions of curing
 C - a potion of lignification
 I - 2 potions of cancellation {unknown}
 O - 3 potions of stabbing {unknown}
 P - a potion of magic {unknown}
 S - 2 potions of berserk rage {unknown}
Comestibles
 c - 30 rations


   Skills:
 + Level 16.4(16.1) Fighting
 * Level 21.7(21.3) Axes
 - Level 10.3(10.0) Armour
 - Level 9.5(9.2) Dodging


You had 14 spell levels left.
You didn't know any spells.
Your spell library was empty.

Dungeon Overview and Level Annotations

Branches:
Dungeon (14/15)            Temple (0/1) D:4            Lair (6/6) D:8
  Swamp (0/4) Lair:3       Spider (0/4) Lair:3        Slime (0/5) Lair:5
    Orc (2/2) D:10          IceCv (visited)
    Elf: Orc:2       Vaults: D:13-14

Altars:
Dithmenos
Fedhas
Hepliaklqana
Kikubaaqudgha
Okawaru
Ru
Sif Muna
Uskayaw
Wu Jian
Xom
Yredelemnul
Zin
The Shining One

Shops:
D:6 %}(}*   D:10 ([   D:14 }=}

Annotations:
D:3 exclusion: door
D:10 exclusion: 2 oklob plants
Lair:4 exclusion: oklob plant
Lair:5 exclusion: oklob plant
Orc:1 exclusion: downstairs
Orc:2 Azrael


Innate Abilities, Weirdness & Mutations

You reflexively headbutt those who attack you in melee.
You have a pair of horns on your head.


Message History

The ogre mage casts a spell at you. The bolt of cold hits you!!
* * * LOW HITPOINT WARNING * * *
You slash the ogre mage!
The ogre mage is severely wounded.
You slash the ogre mage! You headbutt the ogre mage.
The ogre mage is almost dead.
You slice the ogre mage!!
You kill the ogre mage!
Trog accepts your kill.
Trog appreciates your killing of a magic user.
You feel a strong urge to attack something.
There is an open gate here.
You are no longer berserk.
You are exhausted.
You feel yourself slow down.
As you close the gate, it creaks loudly!
A shard of ice appears from out of thin air!
The shard of ice hits you!!
You die...

########*,,,....,....,,,*########
.......#*,,,,...,...,,,,*#.......
.......#*,,,,,..,..,,,,,*#.......
.......#**+***#.#.#***+**##...###
###...##*,,.# #.).# *,,.# #...###
# #...# #...# #.))# #...# #......
# #...# #...# #...# #...# #......
# #...####.p###+++###{.####......
# #...#.≈≈≈≈≈≈≈.@.≈≈≈≈≈≈≈(#......
###...#.)≈≈≈≈≈≈...≈≈≈≈≈≈≈.#^..###
.........≈≈≈≈≈≈...≈≈≈≈≈≈......###
..........≈≈≈≈.....≈≈≈≈..........
.......<.........................
.....#####...###.#...............
.....# #...# #..........÷.∩####
.....# #...# ###...........# #
.....# #...# #.......÷...# #


You could see a vault guard.

Vanquished Creatures
  A vault guard (D:14)
  7 hydras
  A catoblepas (Lair:5)
  A centaur warrior (D:13)
  A merfolk avatar (Lair:6)
  A tengu warrior (D:13)
  8 two-headed ogres
  2 deep troll earth magi (D:11)
  2 ogre magi
  An unseen horror (D:12)
  A sea snake (Lair:6)
  3 orc knights
  2 orc sorcerers
  A manticore (shapeshifter) (D:14)
  2 cyclopes
  10 ugly things
  3 manticores
  8 elephants
  7 black mambas
  12 spiny frogs
  A gargoyle (D:14)
  3 ice statues (IceCv)
  7 rime drakes
  8 komodo dragons
  A tengu conjurer (D:13)
  3 polar bears
  4 trolls
  A queen bee (Lair:2)
  2 tyrant leeches (Lair:3)
  A wind drake (Lair:6)
  4 hornets
  9 blink frogs
  A wolf spider simulacrum (D:14)
  11 hippogriffs
  A slime creature (Lair:5)
  2 spriggans
  5 wyverns
  2 hungry ghosts
  6 fire bats (Lair:2)
  27 yaks
  7 basilisks
  A fire elemental (Orc:1)
  A steam dragon (D:8)
  2 wargs (Orc:1)
  2 swamp worms (Lair:3)
  20 water moccasins
  2 acid dragons (D:11)
  18 porcupines
  7 ice beasts
  19 orc warriors
  6 black bears
  3 sky beasts
  An eye of draining (D:8)
  15 centaurs
  17 ogres
  A phantom (D:11)
  19 wolves
  A big kobold (D:8)
  17 crocodiles
  19 bullfrogs
  5 scorpions
  36 killer bees
  5 wights (D:7)
  10 howler monkeys
  2 centaur zombies
  9 crimson imps
  4 hounds
  2 lava snakes (Lair:2)
  A bullfrog zombie (D:11)
  A gnoll shaman (Orc:1)
  13 orc priests
  Crazy Yiuf (D:4)
  5 jellies
  6 centaur skeletons
  6 iguanas
  16 orc wizards
  6 worker ants
  3 hound skeletons
  Robin (D:4)
  A worker ant zombie (D:8)
  14 gnolls
  14 adders
  9 river rats
  2 shadow imps (D:5)
  12 white imps (D:14)
  4 oozes
  2 adder zombies
  3 worms
  4 leopard geckos
  75 orcs
  2 ball pythons
  11 bats
  3 giant cockroaches
  14 goblins
  10 hobgoblins
  7 jackals
  10 quokkas
  5 frilled lizards
  A jackal skeleton (D:4)
  8 kobolds
  A quokka zombie (D:5)
  28 rats
  A fungus (Lair:5)
  A plant (Lair:4)
725 creatures vanquished.

Vanquished Creatures (collateral kills)
  A two-headed ogre (D:10)
  A catoblepas (Lair:5)
  An ugly thing (IceCv)
  2 manticores (Lair:6)
  An elephant (Lair:6)
  A spiny frog (Lair:6)
  A rime drake (Lair:6)
  4 ice beasts (IceCv)
  A killer bee (D:10)
  A crimson imp (D:10)
14 creatures vanquished.

Vanquished Creatures (others)
  A fungus (Lair:3)
  A plant (Lair:6)
2 creatures vanquished.

Grand Total: 741 creatures vanquished

Notes
Turn   | Place    | Note
-------+----------+-------------------------------------------
     0 | D:1      | simples the Minotaur Berserker began the quest for the Orb.
     0 | D:1      | Reached XP level 1. HP: 19/19 MP: 0/0
   177 | D:1      | Reached XP level 2. HP: 23/27 MP: 1/1
   287 | D:1      | Reached skill level 4 in Axes
   575 | D:1      | Reached XP level 3. HP: 32/33 MP: 2/2
   621 | D:1      | Reached ** piety under Trog
  1134 | D:2      | Reached XP level 4. HP: 40/40 MP: 3/3
  1259 | D:2      | Reached skill level 5 in Axes
  1963 | D:3      | Reached *** piety under Trog
  1963 | D:3      | Reached XP level 5. HP: 47/47 MP: 4/4
  1986 | D:3      | Noticed an ice beast
  2137 | D:3      | Found a faded altar of an unknown god.
  2183 | D:3      | Found Zin's Purification Station.
  2201 | D:3      | Found a glowing silver altar of Zin.
  2214 | D:3      | Killed an ice beast
  2214 | D:3      | Reached XP level 6. HP: 39/55 MP: 5/5
  2333 | D:3      | Reached skill level 6 in Axes
  2414 | D:3      | Found a shimmering blue altar of Sif Muna.
  2636 | D:4      | Reached skill level 5 in Fighting
  2744 | D:3      | Bought a potion of curing for 90 gold pieces
  2801 | D:4      | Noticed Robin
  2813 | D:4      | Killed Robin
  2923 | D:4      | Reached XP level 7. HP: 61/61 MP: 6/6
  2993 | D:4      | Found a runed translucent door.
  2994 | D:4      | Noticed Crazy Yiuf
  3150 | D:4      | Found an ornate altar of the Wu Jian Council.
  3248 | D:4      | Reached skill level 7 in Axes
  3257 | D:4      | Found a shimmering altar of Xom.
  3261 | D:4      | Found a shimmering altar of Xom.
  3266 | D:4      | Found a shimmering altar of Xom.
  3403 | D:4      | Reached **** piety under Trog
  3409 | D:4      | Reached skill level 5 in Armour
  3448 | D:4      | Found a staircase to the Ecumenical Temple.
  3630 | D:4      | Killed Crazy Yiuf
  3716 | D:5      | Entered Level 5 of the Dungeon
  3851 | D:5      | Found a glowing golden altar of the Shining One.
  3851 | D:5      | Found a hazy altar of Hepliaklqana.
  3852 | D:5      | Found a shadowy altar of Dithmenos.
  3860 | D:5      | Reached skill level 5 in Dodging
  3900 | D:5      | Found a hide-covered altar of Uskayaw.
  4040 | D:5      | Reached skill level 8 in Axes
  4040 | D:5      | Reached XP level 8. HP: 44/70 MP: 7/7
  4879 | D:5      | Reached ***** piety under Trog
  5193 | D:6      | Found Pafoc's Gadget Shoppe.
  5195 | D:6      | Found Vejeimu's Gadget Shoppe.
  5261 | D:6      | Reached skill level 9 in Axes
  5528 | D:6      | Reached XP level 9. HP: 69/79 MP: 8/8
  5690 | D:6      | Found Tuafoh's Food Boutique.
  5868 | D:6      | Found a shimmering altar of Xom.
  5880 | D:6      | Reached skill level 10 in Axes
  6054 | D:6      | Found Nozin's Assorted Antiques.
  6061 | D:6      | Bought an onyx ring for 140 gold pieces
  6079 | D:6      | Found Zacuck's Weapon Emporium.
  6267 | D:6      | Found an ancient bone altar of Kikubaaqudgha.
  7095 | D:7      | Reached skill level 11 in Axes
  7345 | D:8      | Reached XP level 10. HP: 88/90 MP: 9/9
  7555 | D:8      | Found a staircase to the Lair.
  7607 | D:8      | Received a gift from Trog
  7831 | D:8      | Reached skill level 12 in Axes
  7978 | D:8      | Paralysed by a hornet for 1 turns
  8807 | D:9      | Found an iron altar of Okawaru.
  9009 | D:9      | Found a basalt altar of Yredelemnul.
  9331 | D:10     | Entered Level 10 of the Dungeon
  9494 | D:10     | Found a blossoming altar of Fedhas.
  9497 | D:10     | Noticed an oklob plant
  9497 | D:10     | Noticed an oklob plant
  9637 | D:10     | Noticed a two-headed ogre
  9655 | D:10     | Killed a two-headed ogre
  9655 | D:10     | Reached XP level 11. HP: 93/99 MP: 10/10
  9665 | D:10     | Received a gift from Trog
  9714 | D:10     | Found Ikoreody's Armour Shop.
  9715 | D:10     | Found a staircase to the Orcish Mines.
  9727 | D:10     | Found Nafyi's Weapon Shop.
  9804 | D:10     | Reached skill level 13 in Axes
 10357 | D:11     | Reached skill level 10 in Fighting
 10416 | D:11     | Noticed a six-headed hydra
 10424 | D:11     | Killed a three-headed hydra
 10465 | D:11     | Reached skill level 10 in Armour
 10575 | D:11     | Identified the cursed +1 rapier of Byqomiewk {protect, rN+
                  | Dex+5 Stlth+}
 10861 | D:11     | Noticed an orc knight
 10870 | D:11     | Found a large runed translucent door.
 10879 | D:11     | Killed an orc knight
 10889 | D:11     | Found a large runed translucent door.
 10972 | D:11     | Noticed a deep troll earth mage
 10972 | D:11     | Found a basalt altar of Yredelemnul.
 10972 | D:11     | Noticed a deep troll earth mage
 10979 | D:11     | Killed a deep troll earth mage
 10979 | D:11     | Reached skill level 14 in Axes
 10988 | D:11     | Killed a deep troll earth mage
 10991 | D:11     | Found a glowing golden altar of the Shining One.
 11409 | D:11     | Noticed a two-headed ogre
 11410 | D:11     | Noticed a brown ugly thing
 11415 | D:11     | Killed a two-headed ogre
 11417 | D:11     | Killed a brown ugly thing
 11464 | D:12     | Received a gift from Trog
 11496 | D:12     | Reached XP level 12. HP: 110/110 MP: 11/11
 11498 | D:12     | Reached skill level 15 in Axes
 11608 | D:12     | Noticed a six-headed hydra
 11615 | D:12     | Killed a four-headed hydra
 11685 | D:12     | Noticed a two-headed ogre
 11693 | D:12     | Killed a two-headed ogre
 12570 | D:13     | Noticed a tengu warrior
 12579 | D:13     | Killed a tengu warrior
 12579 | D:13     | Reached skill level 16 in Axes
 12601 | D:13     | Noticed a centaur warrior
 12609 | D:13     | Killed a centaur warrior
 12642 | D:13     | Noticed a two-headed ogre
 12648 | D:13     | Killed a two-headed ogre
 12769 | D:13     | Noticed an eight-headed hydra
 12779 | D:13     | Killed a five-headed hydra
 13240 | Lair:1   | Entered Level 1 of the Lair of Beasts
 13286 | Lair:1   | Reached skill level 17 in Axes
 13317 | Lair:1   | Noticed an eight-headed hydra
 13323 | Lair:1   | Killed a six-headed hydra
 13594 | Lair:1   | Reached XP level 13. HP: 111/122 MP: 12/12
 13742 | Lair:1   | Received a gift from Trog
 14758 | Lair:2   | Reached skill level 18 in Axes
 15432 | Lair:3   | Found a hole to the Spider Nest.
 15802 | Lair:3   | Found a staircase to the Swamp.
 16316 | Lair:3   | Received a gift from Trog
 16751 | Lair:4   | Reached skill level 19 in Axes
 18179 | Lair:5   | Reached XP level 14. HP: 121/133 MP: 13/13
 18220 | Lair:5   | Found a staircase to the Slime Pits.
 18999 | Lair:6   | Entered Level 6 of the Lair of Beasts
 19055 | Lair:6   | Reached skill level 15 in Fighting
 19317 | Lair:6   | Reached skill level 20 in Axes
 19589 | Lair:6   | Reached ****** piety under Trog
 19589 | Lair:6   | Received a gift from Trog
 20736 | Orc:1    | Entered Level 1 of the Orcish Mines
 21088 | Orc:2    | Entered Level 2 of the Orcish Mines
 21088 | Orc:2    | Noticed Azrael
 21664 | Orc:2    | Paralysed by an orc sorcerer for 3 turns
 21667 | Orc:2    | HP: 4/136 [orc warrior/+0 battleaxe[an orc knight] (29)]
 21955 | Orc:1    | Reached skill level 21 in Axes
 22235 | D:14     | Received a gift from Trog
 22255 | D:14     | Found a frozen archway.
 22259 | D:14     | Found Nirhorar's Gadget Shop.
 22293 | IceCv    | Entered an ice cave
 22995 | D:14     | Found Vocuaqi's Jewellery Emporium.
 23023 | D:14     | Found a sacrificial altar of Ru.
 23027 | D:14     | Found Diel's Gadget Shop.
 23035 | D:14     | Reached XP level 15. HP: 85/144 MP: 14/14
 23401 | D:14     | Killed from afar by a deep elf knight

Illustrated notes

Levels and vault maps discovered:
D:1:      minmay_arrival_glassed_features, layout_basic, roderic_lattice_a
D:2:      layout_rooms, grunt_ministairs_5, kennysheep_big_empty_room,
          st_stairs_8
D:3:      layout_rooms, led_sif_book, zin_purify, first_ration,
          chequers_ecumenical_altar_twisty
D:4:      layout_basic, lemuel_coloured_pillars_altar,
          minmay_temple_entry_butterflies, xom_redecorated,
          uniq_crazy_yiuf_cottage, uniq_robin
D:5:      lemuel_ratsnest, layout_gridville, nicolae_overflow_quartered_altars,
          serial_glass, glass_columns_c, glass_columns_c, glass_columns_a,
          glass_columns_a, glass_columns_b, glass_columns_a
D:6:      layout_cave_pools, lemuel_doored_altar, serial_shops, shop, shop,
          nicolae_shop_temple_entry_statues_fountains, shop, shop, basic_altar
D:7:      layout_gridville, the_bakery
D:8:      minmay_slanted_spiral_squares, layout_basic,
          grunt_lair_entry_orc_guard_hut
D:9:      layout_long_grid, okawaru_ov_weapons_minmay,
          yredelemnul_altar_generic, palyth_stone_intersect
D:10:     layout_loops_ring, orc_david_3, hangedman_tree_tricks
D:11:     minmay_diamond_stairs, layout_basic, jmf_multi_god_temple2
D:12:     layout_small_grid
D:13:     layout_cave_pools
D:14:     layout_small_grid, grunt_vaults_entry_fortified,
          nicolae_ru_awakened_eye, portal_ice_cave_entry_imps, serial_shops,
          shop, shop, nicolae_shop_waterfront, grunt_ministairs_1
Lair:1:   layout_long_grid
Lair:2:   regret_index_combs_of_tragedy, layout_gridlike,
          grunt_forest_stairs_clearing, grunt_megastairs_3
Lair:3:   layout_cellular_growth, minmay_swamp_entry_worms,
          spider_nest_entry_web_field, grunt_megastairs_1
Lair:4:   beast_lair_carwin_large_2, layout_regular_city,
          minmay_lair_oklob_bushes
Lair:5:   layout_hall_layers, minmay_slime_entry_pillars, serial_bayou_pond_a
Lair:6:   gammafunk_lair_ancient_temple, layout_gridlike, serial_bayou_crossing
Orc:1:    layout_caves
Orc:2:    st_orc_ogre_mass, layout_caves, uniq_azrael

Skill      XL: |  1  2  3  4  5  6  7  8  9 10 11 12 13 14 |
---------------+-------------------------------------------+-----
Axes           | 4 5 6 8 9 11 12 14 17 19 21 | 21.7
Fighting       | 4 5 6 7 8 9 11 13 14 16 | 16.4
Armour         | 3 4 5 6 8 9 10 | 10.3
Dodging        | 3 4 5 6 7 8 9 |  9.5

Action                   |  1- 3 |  4- 6 |  7- 9 | 10-12 | 13-15 || total
-------------------------+-------+-------+-------+-------+-------++-------
Melee: Hand axe          |    52 |   124 |   447 |   268 |       ||   891
       Headbutt          |     8 |    21 |    78 |   149 |   169 ||   425
       War axe           |       |       |       |   286 |       ||   286
       Executioner's axe |       |       |       |    17 |    11 ||    28
       Battleaxe         |       |       |       |    74 |   685 ||   759
Invok: Berserk           |     2 |     2 |     6 |    10 |    10 ||    30
       Trog's Hand       |       |     1 |       |     1 |     4 ||     6
       Brothers in Arms  |       |       |       |     2 |     5 ||     7
Evoke: Wand              |       |       |       |       |     4 ||     4
  Use: Potion            |       |     1 |       |       |       ||     1
       Scroll            |       |       |     5 |       |    27 ||    32
 Stab: Sleeping          |     1 |       |       |       |       ||     1
       Distracted        |       |       |       |       |     1 ||     1
  Eat: Chunk             |     2 |     8 |    17 |    28 |    34 ||    89
       Ration            |       |       |     1 |     2 |     3 ||     6
Armor: Animal skin       |    13 |       |       |       |       ||    13
       Ring mail         |     1 |    41 |    29 |       |       ||    71
       Plate armour      |       |       |   179 |   427 |   384 ||   990
Dodge: Dodged            |    47 |   109 |   182 |   335 |   460 ||  1133
